 Dungeon Crawl Stone Soup version 0.23.1 (webtiles) character file.

Game seed: 10201860093660627581

62 Borgoz the Skirmisher (level 4, -2/38 HPs)
             Began as a Ghoul Monk on Mar 16, 2019.
             Slain by a kobold
             ... wielding a +0 whip
              (4 damage)
             ... on level 2 of the Dungeon.
             The game lasted 00:02:03 (1183 turns).

Borgoz the Skirmisher (Ghoul Monk)                  Turns: 1183, Time: 00:02:04

Health: -2/38      AC:  2    Str: 14    XL:     4   Next: 8%
Magic:  3/3        EV: 13    Int:  5    God:
Gold:   40         SH:  0    Dex: 12    Spells: 3/3 levels left

rFire    . . .     SeeInvis .   a - +0 short sword
rCold    + . .     Gourm    .   (no shield)
rNeg     + + +     Faith    .   b - +0 robe
rPois    ∞         Spirit   .   (no helmet)
rElec    .         Reflect  .   (no cloak)
rCorr    .         Harm     .   (no gloves)
MR       .....                  (no boots)
Stlth    +++.......             (no amulet)
HPRegen  0.00/turn              h - ring of stealth
MPRegen  0.08/turn              (no ring)

@: rotting
A: rotting body, claws 1, carnivore, cold resistance 1, negative energy
resistance 3, inhibited regeneration, torment resistance, unbreathing
a: no special abilities


You were on level 2 of the Dungeon.
You were not hungry.

You visited 1 branch of the dungeon, and saw 2 of its levels.

You collected 40 gold pieces.

Inventory:

Hand Weapons
 a - a +0 short sword (weapon)
Armour
 b - a +0 robe (worn)
Jewellery
 h - a ring of stealth (left claw)
 n - an uncursed amulet of the acrobat {unknown}
Scrolls
 l - a scroll of remove curse {unknown}
 m - a scroll of identify {unknown}
 p - a scroll of fog {unknown}
 q - 2 scrolls of teleportation {unknown}
 r - a scroll of enchant weapon {unknown}
Potions
 d - 2 potions of cancellation {unknown}
 e - a potion of brilliance {unknown}
 f - a potion of flight {unknown}
 g - a potion of lignification {unknown}
 j - 2 potions of invisibility {unknown}
 k - a potion of heal wounds {unknown}
 o - a potion of ambrosia {unknown}
Comestibles
 c - 5 rations
 i - a chunk of flesh


   Skills:
 + Level 3.5 Fighting
 * Level 3.2 Short Blades
 * Level 1.4 Armour
 * Level 3.2 Dodging
 + Level 2.5 Stealth


You had 3 spell levels left.
You didn't know any spells.
Your spell library was empty.

Dungeon Overview and Level Annotations

Branches:
Dungeon (2/15)

Altars:


Innate Abilities, Weirdness & Mutations

Your body is rotting away.
You thrive on raw meat.
You are immune to poison.
You have sharp fingernails.
You are carnivorous and can eat meat at any time.
Your flesh is cold resistant. (rC+)
You are immune to negative energy. (rN+++)
You do not regenerate when monsters are visible.
You are immune to unholy pain and torment.
You can survive without breathing.


Message History

The adder barely misses you.
You closely miss the kobold. The bat hits you but does no damage.
The kobold misses you. The adder bites you.
* * * LOW HITPOINT WARNING * * *
You closely miss the adder. The bat closely misses you.
The bat barely misses you. The kobold hits you with a +0 whip.
* * * LOW HITPOINT WARNING * * *
The adder bites you.
* * * LOW HITPOINT WARNING * * *
The bat hits you.
* * * LOW HITPOINT WARNING * * *
The adder bites you but does no damage.
You completely miss the adder. The adder bites you.
* * * LOW HITPOINT WARNING * * *
The kobold barely misses you. The adder misses you.
You hit the adder but do no damage. The bat hits you but does no damage.
The kobold barely misses you. The adder closely misses you.
You hit the bat but do no damage. The bat hits you but does no damage.
The kobold hits you with a +0 whip.
You die...

....###...#.#..
................ #..
##............... . ...
....⌠............ .
#.....................
.##.##..#....<.⌠b.......
.##.##..................
...........⌠..†S@...###
...............K.?......
.....##......#((.#..###.
.......................
...#######...###........
.### #...###..#.###. .#
#............ .#
#.#.###..#.### .# #....#
#.#.#


You could see an adder, a bat and a kobold.

Vanquished Creatures
  2 adders (D:2)
  2 worms (D:2)
  A dart slug (D:1)
  A leopard gecko (D:1)
  3 giant cockroaches
  4 goblins
  6 hobgoblins
  3 bats (D:1)
  3 frilled lizards (D:1)
  4 kobolds
  7 rats
36 creatures vanquished.

Notes
Turn   | Place    | Note
-------+----------+-------------------------------------------
     0 | D:1      | Borgoz the Ghoul Monk began the quest for the Orb.
     0 | D:1      | Reached XP level 1. HP: 19/19 MP: 0/0
     2 | D:1      | Noticed an elf
     2 | D:1      | Noticed a vine stalker
     4 | D:1      | Noticed a merfolk
     4 | D:1      | Noticed an ogre
     6 | D:1      | Noticed a formicid
     6 | D:1      | Noticed a demigod
     8 | D:1      | Noticed a gargoyle
     8 | D:1      | Noticed a spriggan
    10 | D:1      | Noticed an octopode
    10 | D:1      | Noticed a vampire
    12 | D:1      | Noticed a naga
    12 | D:1      | Noticed a dwarf
    14 | D:1      | Noticed a halfling
    14 | D:1      | Noticed a minotaur
    16 | D:1      | Noticed a demonspawn
    16 | D:1      | Noticed a draconian
    18 | D:1      | Noticed a centaur
    22 | D:1      | Noticed a felid
    22 | D:1      | Noticed a tengu
    24 | D:1      | Noticed a troll
    24 | D:1      | Noticed a human
    26 | D:1      | Noticed a ghoul
   111 | D:1      | Reached XP level 2. HP: 20/26 MP: 1/1
   652 | D:1      | Reached XP level 3. HP: 29/31 MP: 2/2
   665 | D:1      | Reached skill level 1 in Armour
  1129 | D:2      | Reached XP level 4. HP: 24/38 MP: 3/3
  1183 | D:2      | Slain by a kobold

Skill      XL: |  1  2  3 |
---------------+----------+-----
Short Blades   | 3 |  3.2
Dodging        | 3 |  3.2
Armour         | 1 |  1.4
Fighting       | |  3.5
Stealth        | |  2.5

Action                   |  1- 3 |  4- 6 || total
-------------------------+-------+-------++-------
Melee: Short sword       |   129 |    14 ||   143
 Stab: Sleeping          |    10 |       ||    10
  Eat: Chunk             |     6 |     1 ||     7
Armor: Robe              |    26 |    11 ||    37
Dodge: Dodged            |    85 |    25 ||   110
